Unix NetHack Version 5.0.0-0 post-release - last build May 23 2026 06:08:33 (1c0ff79ee797540d5714e4e18072db0edd9e58ae,branch:main).

Game began 2026-05-29 16:34:27, ended 2026-05-29 18:00:03.

Atomicjoy, chaotic male elven Wizard

     ---------------    ----------
     |........%....|    |.........#                -----         -----------
     |<............|    |..!.....|#             ###....-#########..........|
     |.............|    |........|#             #  |...|         |.........|
     |........../..|   #.........|#             #  |...|         -----------
     -------.-----.-   #|`.......|#          ####  |...|
            #####      #----------#    #######     -----
               ##      #          #  ###
             ###      ##          #  #------
             #-.------#           #  #|....|
         #####|.>.....###         #  #|)...|                 #
    #a####    |......|# #    -----####|....|              ---|-
 ---@---      |......-# #####|/..|   #|....|              |...|        -------
 |.@+.)|      |...----      #....|   #-.....####          |...|        |.....|
 |.f(+.|      |...|          |...|   #|....|   #####      |....########......|
 |).%..|      |...|          |...-####------       #####  |..[|        |....`|
 -------      -----          -----                     ###-...|        -------
                                                          -----

Atomicjoy the Evoker      St:9 Dx:13 Co:15 In:20 Wi:16 Ch:10  Chaotic
Dlvl:6  $:754 HP:0(24) Pw:23(27) AC:6  Xp:2/39 T:3508  Satiated Burdened

Latest messages:
 The large cat picks up a broken large box containing 1 item.
 The price is deducted from your credit.
 You bought an uncursed spellbook of invisibility for 533 gold pieces.
 The price is deducted from your credit.
 You bought an uncursed spellbook of cause fear for 400 gold pieces.
 The price is deducted from your credit.
 You bought a spellbook of extra healing for 400 gold pieces.
 "Thank you for shopping in Budereyri's general store!"
 You drop an uncursed spellbook of cause fear.
 Budereyri offers 150 gold pieces for your spellbook of cause fear.  Sell it? [ynaq] (n) a
 You sold an uncursed spellbook of cause fear for 150 gold pieces.
 You drop a spellbook of extra healing.
 You sold a spellbook of extra healing for 150 gold pieces.
 You drop an uncursed spellbook of invisibility.
 You sold an uncursed spellbook of invisibility for 200 gold pieces.
 The large cat drops a broken large box containing 1 item.
 "For you, esteemed hir; only 400 zorkmids for this spellbook of cause fear."
 You have a little trouble lifting m - an uncursed spellbook of cause fear (unpaid, 400 zorkmids).
 "For you, honored hir; only 400 zorkmids for this spellbook of extra healing."
 z - a spellbook of extra healing (unpaid, 400 zorkmids).
 "For you, good hir; only 533 zorkmids for this spellbook of invisibility."
 J - an uncursed spellbook of invisibility (unpaid, 533 zorkmids).
 The price is deducted from your credit.
 You bought an uncursed spellbook of invisibility for 533 gold pieces.
 The price is deducted from your credit.
 You bought an uncursed spellbook of cause fear for 400 gold pieces.
 The price is deducted from your credit.
 You bought a spellbook of extra healing for 400 gold pieces.
 "Thank you for shopping in Budereyri's general store!"
 You drop an uncursed spellbook of cause fear.
 Budereyri offers 150 gold pieces for your spellbook of cause fear.  Sell it? [ynaq] (n) a
 You sold an uncursed spellbook of cause fear for 150 gold pieces.
 You drop a spellbook of extra healing.
 You sold a spellbook of extra healing for 98 gold pieces.
 You drop an uncursed spellbook of invisibility.
 Budereyri cannot pay you at present.
 Will you accept 180 zorkmids in credit for an uncursed spellbook of invisibility? [ynaq] (y) n
 You see here a kobold corpse (no charge).
 You stop.  Your large cat is in the way!
 The large cat picks up an uncursed spellbook of invisibility.
 "Hello, Atomicjoy!  Welcome again to Budereyri's general store!"
 The giant ant bites!
 The giant ant bites!
 You stop.  Your large cat is in the way!
 The giant ant bites!
 The large cat drops an uncursed spellbook of invisibility.
 The giant ant bites!
 You die...
 Budereyri gratefully inherits all your possessions.
 Do you want to see what you had when you died? [ynq] (y) q

Inventory:
 Coins    ('$')
  $ - 754 gold pieces
 Weapons  (')')
  a - a blessed +1 quarterstaff (weapon in hands)
 Armor    ('[')
  K - an uncursed +2 orcish helm (being worn)
  b - an uncursed +0 cloak of magic resistance (being worn)
  V - a cursed +2 elven cloak
  B - a blessed +2 Hawaiian shirt with a parrot motif
 Comestibles  ('%')
  Y - 2 uncursed slime molds
  v - 5 uncursed food rations
  x - an uncursed tripe ration
  q - an uncursed lichen corpse
 Scrolls  ('?')
  l - an uncursed scroll of amnesia
  s - a blessed scroll of confuse monster
  X - an uncursed scroll of destroy armor
  F - an uncursed scroll of earth
  G - a cursed scroll of enchant armor
  y - an uncursed scroll of enchant weapon
  C - a blessed scroll of identify
  H - a cursed scroll of identify
  j - 2 uncursed scrolls of light
  I - 2 cursed scrolls of light
  i - an uncursed scroll of stinking cloud
  k - an uncursed scroll of teleportation
 Potions  ('!')
  L - a cursed potion of blindness
  g - an uncursed potion of gain ability
  N - an uncursed potion of hallucination
  u - 6 uncursed potions of healing
  p - an uncursed potion of invisibility
  E - a blessed potion of polymorph
  h - an uncursed potion of restore ability
  O - a cursed potion of restore ability
  M - a cursed potion of sleeping
  f - an uncursed potion of speed
 Rings    ('=')
  Z - an uncursed +1 ring of gain constitution
  w - a blessed +1 ring of gain strength
  d - an uncursed +2 ring of increase damage
  A - an uncursed ring of poison resistance
  e - an uncursed ring of sustain ability
 Wands    ('/')
  c - a wand of teleportation (0:8)
 Tools    ('(')
  o - an uncursed leather drum
  n - a magic marker (0:22)
  r - an uncursed oil lamp
 Gems/Stones  ('*')
  Q - a cursed jade stone
  P - a cursed worthless piece of black glass
  R - an uncursed worthless piece of orange glass
  W - an uncursed worthless piece of red glass
  S - a cursed worthless piece of red glass
  D - a cursed worthless piece of white glass
  U - an uncursed worthless piece of yellow glass
  T - a cursed worthless piece of yellowish brown glass

Atomicjoy the Wizard's attributes:

Background:
 You were an Evoker, a level 2 male elven Wizard.
 You were chaotic, on a mission for Anhur
 who was opposed by Ptah (lawful) and Thoth (neutral).
 You were right-handed.
 You were in the Dungeons of Doom, on level 6.
 You entered the dungeon 3508 turns ago.
 You had 39 experience points, 1 more was needed to attain level 3.

Basics:
 You had 0 out of 24 hit points.
 You had 23 out of 27 energy points (spell power).
 Your armor class was 6.
 Your wallet contained 754 zorkmids.
 Autopickup was off.

Final Characteristics:
 Your strength was 9 (limit:18).
 Your dexterity was 13 (limit:18).
 Your constitution was 15 (limit:16).
 Your intelligence was 20 (limit:20).
 Your wisdom was 16 (limit:20).
 Your charisma was 10 (limit:18).

Final Status:
 You were satiated.
 You were burdened; movement was slightly slowed.
 You were wielding a quarterstaff.
 You had basic skill with quarterstaff.

Final Attributes:
 You were piously aligned.
 You were magic-protected.
 You had infravision.
 You were warded.
 You are dead.

Miscellaneous:
 You encountered 1 bones level.
 Total elapsed playing time was 1 hour, 13 minutes and 34 seconds.

Major events:
 Turn
    1: Atomicjoy the chaotic male elven Wizard entered the dungeon
  664: entered the Gnomish Mines
 3508: killed by a giant ant

Spells:
 Name                 Level Category     Fail Retention
 force bolt             1   attack         0%   81%-90%
 cause fear             3   enchantment   34%   81%-90%
 confuse monster        1   enchantment    0%  91%-100%
 invisibility           4   escape       100%  76%-100%
 light                  1   divination     0%  76%-100%
 extra healing          3   healing       80%  76%-100%

Skills:
 Fighting Skills
   bare handed combat [Unskilled]
   riding             [Unskilled]
 Weapon Skills
   dagger             [Unskilled]
   knife              [Unskilled]
   axe                [Unskilled]
   short sword        [Unskilled]
   club               [Unskilled]
   mace               [Unskilled]
   quarterstaff       [Basic]
   polearms           [Unskilled]
   spear              [Unskilled]
   trident            [Unskilled]
   sling              [Unskilled]
   dart               [Unskilled]
   shuriken           [Unskilled]
 Spellcasting Skills
   attack spells      [Basic]
   healing spells     [Unskilled]
   divination spells  [Unskilled]
   enchantment spells [Basic]
   clerical spells    [Unskilled]
   escape spells      [Unskilled]
   matter spells      [Unskilled]

Voluntary challenges:
 Character rerolling was not enabled.
 You never genocided any monsters.
 You never polymorphed an object.
 You never changed form.
 You used no wishes.
Achievements:
 You entered the Gnomish Mines.
 You entered a shop.

 The Dungeons of Doom: levels 1 to 6
    Level 1:
       A fountain, a sink.
    Level 2:
       A sink.
    Level 3:
       An altar to Anhur.
       Stairs down to The Gnomish Mines.
    Level 4:
    Level 5:
       Some fountains.
    Level 6: <- You were here.
       A general store.
       Final resting place for
          you, killed by a giant ant.
 The Gnomish Mines:
    Level 4:
       A grave.
       Final resting place for
          Jeroenix-Ran-Elf-Mal-Cha, killed by a dwarf lord.


Vanquished creatures:
  a giant ant
  a floating eye
  a giant bat
  a wererat
  a werejackal
  2 iguanas
 an acid blob
  2 coyotes
  a gas spore
  a hobgoblin
  a giant rat
  a cave spider
  2 red molds
  a gnome zombie
  3 geckos
 13 jackals
  a kobold
  a grid bug
  2 bats
  4 lichens
  2 kobold zombies
  4 newts
47 creatures vanquished.

No species were genocided or became extinct.

Game over:
                       ----------
                      /          \
                     /    REST    \
                    /      IN      \
                   /     PEACE      \
                  /                  \
                  |    Atomicjoy     |
                  |       0 Au       |
                  |   killed by a    |
                  |    giant ant     |
                  |                  |
                  |                  |
                  |       2026       |
                 *|     *  *  *      | *
        _________)/\\_//(\/(/\)/\//\/|_)_______

Goodbye Atomicjoy the Wizard...

You died in The Dungeons of Doom on dungeon level 6 with 406 points,
and 0 pieces of gold, after 3508 moves.
You were level 2 with a maximum of 24 hit points when you died.

